 Dungeon Crawl Stone Soup version 0.28.0-53-g5a82cb258f (webtiles) character file.

Game seed: 15414668667874617455

190 moldycheese5 the Grave Robber (level 5, -2/28 HPs)
             Began as a Deep Elf Necromancer on June 17, 2022.
             Slain by an orc priest
             ... wielding a +0 war axe
              (7 damage)
             ... on level 3 of the Dungeon.
             The game lasted 00:10:27 (5418 turns).

moldycheese5 the Grave Robber (DENe)                Turns: 5418, Time: 00:10:28

Health: -2/28      AC:  2    Str:  5    XL:     5   Next: 41%
Magic:  21/24      EV: 13    Int: 22    God:
Gold:   140        SH:  0    Dex: 15    Spells: 7/15 levels left

rFire   . . .      SeeInvis .   b - +0 mace (drain)
rCold   . . .      Faith    .   (no shield)
rNeg    . . .      Spirit   .   a - +0 robe
rPois   .          Reflect  .   (no helmet)
rElec   .          Harm     .   (no cloak)
rCorr   .          Rampage  .   (no gloves)
Will    .....                   (no boots)
Stlth   ++........              (no amulet)
HPRegen 0.09/turn               d - ring of wizardry
MPRegen 0.19/turn               i - ring of magical power

@: no status effects
A: no striking features
a: no special abilities


You were on level 3 of the Dungeon.
You visited 1 branch of the dungeon, and saw 4 of its levels.

You collected 140 gold pieces.

Inventory:

Hand Weapons
 b - a +0 mace of draining (weapon)
Armour
 a - a +0 robe (worn)
Jewellery
 d - a ring of wizardry (left hand)
 i - a ring of magical power (right hand)
Wands
 o - a wand of flame (15)
Scrolls
 e - a scroll of amnesia {unknown}
 h - a scroll of enchant weapon {unknown}
 j - a scroll of blinking {unknown}
Potions
 c - a potion of might {unknown}
 f - a potion of curing {unknown}
 g - a potion of invisibility
 k - a potion of flight {unknown}
 l - a potion of ambrosia {unknown}
 m - a potion of heal wounds {unknown}
 n - a potion of haste {unknown}


   Skills:
 + Level 0.2 Fighting
 + Level 3.2 Dodging
 + Level 2.7 Stealth
 + Level 5.9 Spellcasting
 + Level 6.0 Necromancy


You had 7 spell levels left.
You knew the following spells:

 Your Spells              Type           Power      Damage    Failure   Level
a - Pain                  Necr           100%       1d9       1%          1
b - Vampiric Draining     Necr           33%        2d8       1%          3
c - Animate Dead          Necr           16%        N/A       3%          4

Your spell library contained the following spells:

 Spells                   Type           Power      Damage    Failure   Level
 Animate Skeleton         Necr           66%        N/A       1%          1
 Agony                    Necr           33%        N/A       9%          5


Dungeon Overview and Level Annotations

Branches:
Dungeon (4/15)
 Temple: D:4-7

Altars:

Shops:
D:3 :


Message History

You climb downwards.
You hear the sound of rushing water.
There is an entrance to a sewer on this level.
Hurry and find it before the portal rusts away!
Found 6 stones.
Found a stone staircase leading down.
There is a stone staircase leading up here.
The orc shouts!
The orc writhes in agony.
The orc shouts! x2; The orc priest shouts!
The orc writhes in agony!
You kill the orc!
The orc shouts!
The orc priest writhes in agony.
The orc priest completely misses you.
You climb upwards.
There is a stone staircase leading down here.
The orc priest writhes in agony.
The orc priest barely misses you.
The orc priest writhes in agony!
The orc priest hits you with a +0 war axe!
You are too injured to fight recklessly!
You are too injured to fight recklessly!
You are too injured to fight recklessly!
You closely miss the orc priest.
The orc priest is almost dead.
The orc priest closely misses you.
You closely miss the orc priest.
The orc priest is almost dead.
The orc priest barely misses you. The orc priest misses you.
You hit the orc priest but do no damage.
The orc priest is almost dead.
The orc priest barely misses you.
You hit the orc priest but do no damage.
You drain the orc priest.
The orc priest is almost dead.
The orc priest hits you with a +0 war axe!
* * * LOW HITPOINT WARNING * * *
You closely miss the orc priest.
The orc priest is almost dead.
The orc priest misses you.
The orc priest hits you with a +0 war axe!
You die...

#.#.#...#.#.#.#....## #....
..#...#...#...####).# #....
#.#.#...#.#.#.#.....# #....
#...##.##...#.......#########)...
#.#.......#.#.#..................
..##.###.##...#..................
#...........#.####.#####...#....#
##.###.###.##..###...#####.......
..............#o@................
.###.###.###.##.(####.#..######.#
.###...####..#...####...## #.#
.......# ##..##...#.....######..
####...# #.....<...###<##......
###.# #.........###.#..##...
#.### #......#....).........
#...###..........)..........
###..##...>)(..(###########.


You could see an orc priest (drained).

Vanquished Creatures
  2 orc priests (D:3)
  2 orc wizards (D:3)
  2 adders (D:2)
  2 worms (D:2)
  2 dart slugs (D:1)
  6 orcs
  2 ball pythons
  5 bats
  7 endoplasms
  7 goblins
  4 hobgoblins
  2 jackals (D:2)
  4 kobolds
  A quokka (D:2)
48 creatures vanquished.

Vanquished Creatures (others)
  2 plants (D:2)
2 creatures vanquished.

Grand Total: 50 creatures vanquished

Notes
Turn   | Place    | Note
-------+----------+-------------------------------------------
     0 | D:1      | moldycheese5 the Deep Elf Necromancer began the quest for
                  | the Orb.
     0 | D:1      | Reached XP level 1. HP: 10/10 MP: 6/6
    33 | D:1      | Reached skill level 5 in Necromancy
   745 | D:1      | Reached XP level 2. HP: 9/15 MP: 4/8
  1448 | D:1      | You fall into a shaft and drop 1 floor!
  1456 | D:2      | Reached XP level 3. HP: 12/19 MP: 2/10
  1832 | D:2      | Found a faded altar of an unknown god.
  3179 | D:3      | Reached XP level 4. HP: 11/24 MP: 3/12
  3498 | D:3      | Reached skill level 5 in Spellcasting
  3817 | D:3      | Found Vuawed's Book Shoppe.
  3840 | D:3      | Reached skill level 6 in Necromancy
  4912 | D:2      | Learned a level 3 spell: Vampiric Draining
  4917 | D:2      | Learned a level 4 spell: Animate Dead
  5024 | D:3      | Reached XP level 5. HP: 25/28 MP: 14/14
  5418 | D:3      | Slain by an orc priest

Illustrated notes

Levels and vault maps discovered:
D:1:      dpeg_arrival_orchard, layout_loops_ring
D:2:      layout_loops_cross, shapermc_ecumenical_altar_mp_urbaneastern,
          palyth_stone_intersect, kennysheep_path_1, hangedman_decor_growths
D:3:      layout_rooms, serial_shops, nicolae_square_shop, moated_statue,
          kennysheep_cross_room, nicolae_concentric_dashed_squares_mild
D:4:      layout_basic, portal_sewer_entry_b, serial_bayou_pond_a

Skill      XL: |  1  2  3  4 |
---------------+-------------+-----
Necromancy     | 5 6 |  6.0
Spellcasting   | 4 5 |  5.9
Dodging        | 3 |  3.2
Fighting       | |  0.2
Stealth        | |  2.7

Action                   |  1- 3 |  4- 6 || total
-------------------------+-------+-------++-------
Melee: Mace              |     7 |     5 ||    12
 Cast: Pain              |    79 |    32 ||   111
  Use: Potion            |       |     1 ||     1
Armor: Robe              |    12 |     3 ||    15
Dodge: Dodged            |    39 |    12 ||    51
